 Dungeon Crawl Stone Soup version 0.31.0-32-g396128a36d (webtiles) character file.

Game seed: 4876220084623188708

7 adizb the Caller (level 1, 0/10 HPs)
             Began as a Deep Elf Summoner on Mar 26, 2024.
             Slain by a hobgoblin (4 damage)
             ... on level 1 of the Dungeon.
             The game lasted 00:01:17 (188 turns).

adizb the Caller (Deep Elf Summoner)                 Turns: 188, Time: 00:01:20

Health: 0/10       AC:  2    Str:  5    XL:     1   Next: 83%
Magic:  5/6        EV: 12    Int: 19    God:
Gold:   17         SH:  0    Dex: 15    Spells: 5/6 levels left

rFire   . . .        c - +0 club
rCold   . . .        (no shield)
rNeg    . . .        a - +0 robe
rPois   .            (no helmet)
rElec   .            (no cloak)
rCorr   .            (no gloves)
SInv    .            (no boots)
Will    .....        (no amulet)
Stlth   ++           (no ring)
HPRegen 0.21/turn    (no ring)
MPRegen 0.10/turn

%: no passive effects
@: no status effects
A: no striking features
a: no special abilities


You were on level 1 of the Dungeon.
You visited 1 branch of the dungeon, and saw 1 of its levels.

You collected 17 gold pieces.

Inventory:

Hand Weapons
 c - a +0 club (weapon)
Armour
 a - a +0 robe (worn)
 d - a +0 kite shield
Potions
 b - a potion of magic


   Skills:
 + Level 2.6 Dodging
 - Level 2.5 Stealth
 * Level 3.2 Spellcasting
 * Level 4.5 Summonings


You had 5 spell levels left.
You knew the following spells:

 Your Spells              Type           Power      Damage    Failure   Level
a - Summon Small Mammal   Summ           80%        N/A       2%          1

Your spell library contained the following spells:

 Spells                   Type           Power      Damage    Failure   Level
 Call Imp                 Summ           40%        N/A       3%          2
 Call Canine Familiar     Summ           20%        N/A       7%          3
 Slow                     Hex            12%        N/A       16%         1
 Confusing Touch          Hex            3%         N/A       41%         3
 Sigil of Binding         Hex            3%         N/A       41%         3
 Vampiric Draining        Necr           3%         2d6       41%         3
 Summon Blazeheart Golem  Fire/Summ      11%        N/A       52%         4
 Summon Lightning Spire   Summ/Air       11%        N/A       52%         4


Dungeon Overview and Level Annotations

Branches:
Dungeon (1/15)

Altars:


Message History

Your bat barely misses the hobgoblin.
Your bat hits the hobgoblin.
Your bat hits the hobgoblin but does no damage.
Your bat misses the hobgoblin.
Your bat hits the hobgoblin but does no damage.
A quokka comes into view.
Your bat barely misses the hobgoblin. x2
Casting: Summon Small Mammal (safe; 2% risk of failure)
Press: ? - help, Q - select action Dir - look around, f - activate Your bat completely misses the hobgoblin.
You hit the hobgoblin.
The hobgoblin is heavily wounded.
The hobgoblin hits you.
You hit the hobgoblin but do no damage.
The hobgoblin is heavily wounded.
Your bat barely misses the hobgoblin.
Your bat hits the hobgoblin but does no damage. x2
Your quokka closely misses the hobgoblin.
The hobgoblin hits you. x2
Your quokka barely misses the hobgoblin.
The hobgoblin completely misses your quokka.
Your quokka bites the hobgoblin.
The hobgoblin dies!
The hobgoblin barely misses your quokka.
Your bat hits the hobgoblin but does no damage.
Your bat hits the hobgoblin.
Your quokka closely misses the hobgoblin.
The hobgoblin hits you.
Your bat closely misses the hobgoblin.
Your quokka misses the hobgoblin. You barely miss the hobgoblin.
The hobgoblin is moderately wounded.
Your quokka barely misses the hobgoblin.
The hobgoblin completely misses you.
Your quokka barely misses the hobgoblin.
You barely miss the hobgoblin.
The hobgoblin is moderately wounded.
Your bat hits the hobgoblin but does no damage.
The quokka barely misses you.
Your quokka barely misses the hobgoblin.
The hobgoblin hits you.
You die...

##### ....# ..#.#####
###### ###.#.....#
#@...#
#.#!#.#.....###gr..###..
#gg!..#........r........
#.#.......†.#.####..
####..........b..####
.......................
#####..........>........
##########.........)...
#......................


You could see a quokka, a hobgoblin (ally target), a friendly quokka (summoned)
and a friendly bat (summoned).

Vanquished Creatures (collateral kills)
  2 endoplasms (D:1)
  A goblin (D:1)
  A hobgoblin (D:1)
  A quokka (D:1)
5 creatures vanquished.

Notes
Turn   | Place    | Note
-------+----------+-------------------------------------------
     0 | D:1      | adizb the Deep Elf Summoner began the quest for the Orb.
     0 | D:1      | Reached XP level 1. HP: 10/10 MP: 6/6
   188 | D:1      | Slain by a hobgoblin

Illustrated notes

Levels and vault maps discovered:
D:1:      roadster_arrival_rocket_small, layout_basic, st_stairs_7,
          minmay_split_cup_small

Action                     || total
---------------------------++-------
  Melee: Unarmed           ||    10
         Club              ||     4
   Cast: Summon Small Mamm ||     6
 Armour: Robe              ||     9
  Dodge: Dodged            ||     8
